 Dungeon Crawl Stone Soup version 0.31-a0-496-g6f97920a28 (webtiles) character file.

Game seed: 864124183180048957

71 AstroCodex24 the Trooper (level 4, -7/35 HPs)
             Began as a Vampire Fighter on Aug 8, 2023.
             Killed from afar by Blork the orc (9 damage)
             ... with a puff of frost
             ... on level 5 of the Dungeon.
             The game lasted 00:04:16 (911 turns).

AstroCodex24 the Trooper (Vampire Fighter)           Turns: 911, Time: 00:04:17

Health: -7/35      AC: 12    Str: 17    XL:     4   Next: 5%
Magic:  4/4        EV:  9    Int: 10    God:
Gold:   92         SH:  4    Dex: 13    Spells: 3/3 levels left

rFire   . . .        a - +0 war axe
rCold   . . .        c - +0 buckler
rNeg    . . .        b - +0 scale mail
rPois   +            j - +1 helmet
rElec   .            f - +2 cloak {rPois}
rCorr   .            (no gloves)
SInv    +            (no boots)
Will    .....        (no amulet) Stlth
                     (no ring)
HPRegen 0.45/turn    (no ring)
MPRegen 0.09/turn

%: no passive effects
@: healing quickly
A: alive, fangs 3, see invisible, vampiric 2
a: Exsanguinate


You were on level 5 of the Dungeon.
You visited 1 branch of the dungeon, and saw 5 of its levels.

You collected 92 gold pieces.

Inventory:

Hand Weapons
 a - a +0 war axe (weapon)
Armour
 b - a +0 scale mail (worn)
 c - a +0 buckler (worn)
 f - a +2 cloak of poison resistance (worn)
 j - a +1 helmet (worn)
Scrolls
 g - a scroll of teleportation {unknown}
 i - a scroll of noise {unknown}
Potions
 d - a potion of might
 e - 2 potions of curing {unknown}
 h - a potion of enlightenment {unknown}


   Skills:
 + Level 3.2 Fighting
 + Level 2.6 Axes
 + Level 2.8 Armour
 + Level 0.2 Dodging
 + Level 3.1 Shields


You had 3 spell levels left.
You didn't know any spells.
Your spell library was empty.

Dungeon Overview and Level Annotations

Branches:
Dungeon (5/15)
 Temple: D:4-7

Altars:
Hepliaklqana

Annotations:
D:5 Blork the orc


Innate Abilities, Weirdness & Mutations

Your natural rate of healing is accelerated.
You have razor-sharp teeth.
You have supernaturally acute eyesight. (SInv)
You are afflicted with vampirism and can become a bat while bloodless.


Message History

Found a stone staircase leading up.
Blork the orc casts a spell at you. The puff of frost hits you!
Blork the orc closely misses you. Blork the orc barely misses you.
Blork the orc closely misses you.
You closely miss Blork the orc. Blork the orc closely misses you.
Blork the orc hits you with a +0 glaive.
You slash Blork the orc!
Blork the orc is moderately wounded.
Blork the orc hits you with a +0 glaive!
You hit Blork the orc but do no damage.
Blork the orc is moderately wounded.
Blork the orc looks encouraged for a moment.
You hit Blork the orc.
Blork the orc is heavily wounded.
Blork the orc gestures wildly while chanting.
Blork the orc seems to speed up.
Blork the orc hits you with a +0 glaive.
You hit Blork the orc but do no damage. Your bite misses Blork the orc.
Blork the orc is heavily wounded.
Blork the orc closely misses you. Blork the orc casts a spell at you.
You block the puff of flame.
You hit Blork the orc.
Blork the orc is severely wounded.
Blork the orc hits you with a +0 glaive.
* * * LOW HITPOINT WARNING * * *
Blork the orc hits you with a +0 glaive!
* * * LOW HITPOINT WARNING * * *
You hit Blork the orc.
Blork the orc is severely wounded.
Blork the orc hits you but does no damage.
Blork the orc barely misses you.
You closely miss Blork the orc.
Blork the orc is severely wounded.
Blork the orc barely misses you.
Blork the orc points at you and mumbles some strange words.
The puff of frost hits you!
You die...

......
######.....
#........#
#........#
#........#
#........#
#........#
#...o....#
#...@.####
#.....#
#..†..#
#.....#
#.....#
#.....#
#.....#
#.....#
#.....#


You could see Blork the orc (fast).

Vanquished Creatures
  Terence (D:2)
  2 adders
  A worm (D:4)
  2 dart slugs
  A ball python (D:2)
  An endoplasm (D:1)
  A giant cockroach (D:1)
  2 hobgoblins
  2 kobolds (D:1)
  A quokka (D:5)
  A bat (D:2)
  3 frilled lizards
  2 goblins
  4 rats
24 creatures vanquished.

Notes
Turn   | Place    | Note
-------+----------+-------------------------------------------
     0 | D:1      | AstroCodex24 the Vampire Fighter began the quest for the
                  | Orb.
     0 | D:1      | Reached XP level 1. HP: 17/17 MP: 1/1
   288 | D:1      | Reached XP level 2. HP: 23/23 MP: 2/2
   443 | D:2      | Found a hazy altar of Hepliaklqana.
   517 | D:2      | Noticed Terence
   555 | D:2      | Found a faded altar of an unknown god.
   637 | D:2      | Killed Terence
   638 | D:2      | Gained mutation: You are afflicted with vampirism and can
                  | become a bat while bloodless. [Vampire growth]
   638 | D:2      | Reached XP level 3. HP: 12/29 MP: 3/3
   876 | D:4      | Reached XP level 4. HP: 35/35 MP: 4/4
   878 | D:5      | Entered Level 5 of the Dungeon
   894 | D:5      | Noticed Blork the orc
   909 | D:5      | HP: 1/35 [Blork the orc/+0 glaive (8)]
   911 | D:5      | Killed from afar by Blork the orc

Illustrated notes

Levels and vault maps discovered:
D:1:      lightli_arrival_statue_moat, layout_loops_cross, serial_bayou_lake_a
D:2:      layout_basic, hellmonk_ecumenical_altar_arch_garden, basic_altar,
          uniq_terence
D:3:      layout_loops_ring, dreamdust_mushroom_princess, minmay_checkerbox,
          uniq_jessica
D:4:      layout_layer_cave, mainiacjoe_overflow_catch_the_wave, uniq_edmund
D:5:      layout_gridville, minmay_temple_entry_purple_smoke,
          uniq_blork_the_orc, uniq_eustachio

Skill      XL: |  1  2 |
---------------+-------+-----
Axes           | 2 |  2.6
Fighting       | 3 |  3.2
Shields        | 3 |  3.1
Armour         | |  2.8
Dodging        | |  0.2

Action                     |  1- 3 |  4- 6 || total
---------------------------+-------+-------++-------
  Melee: War axe           |    66 |    12 ||    78
         Bite              |     8 |       ||     8
 Armour: Scale mail        |    37 |     3 ||    40
  Dodge: Dodged            |    30 |     9 ||    39
  Block: Buckler           |     7 |     2 ||     9

Table legend: (Time is in decaauts)
 A = Elapsed time spent in this place.
 B = Non-inter-level travel time spent in this place.
 C = Inter-level travel time spent in this place.
 D = Time resting spent in this place.
 E = Time spent auto-exploring this place.
 F = Levels seen in this place.
 G = Mean time per level.
                   A        B        C        D        E       F      G
               +--------+--------+--------+--------+--------+-----+--------+
         Total |    943 |    870 |     73 |      0 |      0 |   5 |  188.6 |
       Dungeon |    943 |    870 |     73 |      0 |      0 |   5 |  188.6 |
               +--------+--------+--------+--------+--------+-----+--------+

Top non-repeatable levels by time:
     D:2: 365 daAuts
     D:1: 329 daAuts
     D:3: 135 daAuts
     D:4: 75 daAuts
     D:5: 37 daAuts
